cohdb
Replays
Latest Replays
All Replays
Popular Replays
Top Player Replays
Match Explorer
How It Works
Community
CoH3 Stats
Reddit
Sign in to upload your games and track your stats! →
Sign in with Steam
Match 42066886
Unlisted
Match 42066886
Overview
Messages
Build Orders
End
Kradschützen Motorcycle Team
Panzerpioneer Squad
Panzergrenadier Squad
Panzergrenadier Squad
250 Light Carrier
Construct Light Support Kompanie
MG34 Team
Fire Support Elements
Selects Panzerjäger Kommand Battlegroup
Selects Mine Fields
Selects Defensive Positions
Flakvierling Half-track
Selects Butterfly Bomb Drop
2.5-tonne Medical Truck
Assault Mechanized Group
Construct Panzerarmee Kommand
Selects Tank Busters
Pak 38 Anti-tank Gun Team
Panzer III L Medium Tank
Pak 38 Mechanized Group
Panzer III L Medium Tank
Selects Crew Shock Tactics
2.5-tonne Medical Truck
MG34 Team
BIOHAZARD
Tootoone88
0
0
Comments
sign in to comment!
No comments posted yet!